 Dungeon Crawl Stone Soup version 0.26-a0-958-gf3041fb45f (webtiles) character file.

Game seed: 11841668529233388117

628 marklar909 the Ruffian (level 7, -2/60 HPs)
             Began as a Troll Monk on Nov 30, 2020.
             Was a Believer of Hepliaklqana.
             Slain by an orc warrior
             ... wielding a +0 short sword
              (15 damage)
             ... on level 5 of the Dungeon.
             The game lasted 00:05:27 (3218 turns).

marklar909 the Ruffian (Troll Monk)                 Turns: 3218, Time: 00:05:27

Health: -2/60      AC:  6    Str: 20    XL:     7   Next: 23%
Magic:  6/6        EV: 12    Int:  6    God:    Hepliaklqana [**....]
Gold:   384        SH:  0    Dex: 14    Spells: 6/6 levels left

rFire    . . .     SeeInvis .     - Unarmed
rCold    . . .     Faith    .   (no shield)
rNeg     . . .     Spirit   .   a - +0 robe
rPois    .         Reflect  .   (helmet restricted)
rElec    .         Harm     .   (no cloak)
rCorr    .         Rampage  .   (gloves unavailable)
MR       .....                  (boots unavailable)
Stlth    ++........             (no amulet)
HPRegen  0.60/turn              (no ring)
MPRegen  0.10/turn              (no ring)

@: no status effects
A: large, unfitting armour, reduced essence, claws 3, regeneration 1, shaggy fur
1, tough skin 3
a: Recall Ancestor, Ancestor Identity, Renounce Religion


You were on level 5 of the Dungeon.
You worshipped Hepliaklqana.
Hepliaklqana was pleased with you.
You visited 2 branches of the dungeon, and saw 7 of its levels.

You collected 384 gold pieces.

Inventory:

Armour
 a - a +0 robe (worn)
Jewellery
 e - an uncursed ring of flight {unknown}
 k - an uncursed ring of stealth {unknown}
 l - a cursed amulet of inaccuracy {unknown}
 o - an uncursed ring of see invisible {unknown}
Scrolls
 c - 4 scrolls of remove curse {unknown}
 d - 5 scrolls of identify {unknown}
 h - 2 scrolls of enchant weapon {unknown}
 i - 3 scrolls of enchant armour {unknown}
 j - 5 scrolls of teleportation {unknown}
 m - a scroll of random uselessness {unknown}
 p - a scroll of blinking {unknown}
 w - a scroll of fear {unknown}
 x - 2 scrolls of amnesia {unknown}
Potions
 b - a potion of brilliance {unknown}
 f - 3 potions of heal wounds {unknown}
 g - a potion of lignification {unknown}
 n - a potion of ambrosia {unknown}
 q - a potion of haste {unknown}
 r - a potion of might {unknown}
 s - a potion of flight {unknown}
 t - a potion of magic {unknown}
 u - a potion of curing {unknown}
 v - a potion of mutation {unknown}


   Skills:
 * Level 3.4 Fighting
 * Level 4.1 Dodging
 + Level 1.6 Stealth
 * Level 6.4 Unarmed Combat


You had 6 spell levels left.
You didn't know any spells.
Your spell library was empty.

Dungeon Overview and Level Annotations

Branches:
Dungeon (6/15)             Temple (1/1) D:4

Altars:
Ashenzari
Cheibriados
Dithmenos
Elyvilon
Fedhas
Gozag
Hepliaklqana
Kikubaaqudgha
Makhleb
Nemelex Xobeh
Okawaru
Qazlal
Ru
Sif Muna
Trog
Uskayaw
Vehumet
Wu Jian
Xom
Yredelemnul
Zin
The Shining One


Innate Abilities, Weirdness & Mutations

You are too large for most types of armour.
You have claws for hands.
Your natural rate of healing is unusually fast.
You are covered in fur. (AC +1)
You have extremely tough skin. (AC +3)
Your life essence is reduced to manifest your ancestor. (-10% HP)


Message History

Unknown command.
You completely miss the orc warrior.
The orc warrior is severely wounded.
The orc warrior hits you with a +0 short sword.
You scratch the orc warrior.
The orc warrior is severely wounded.
The orc warrior hits you but does no damage.
You barely miss the orc warrior.
The orc warrior is severely wounded.
The orc warrior hits you with a +0 short sword.
You scratch the orc warrior.
The orc warrior is almost dead.
The orc warrior hits you with a +0 short sword!
* * * LOW HITPOINT WARNING * * *
You barely miss the orc warrior.
The orc warrior is almost dead.
Unknown command.
The orc warrior barely misses you.
The orc warrior hits you with a +0 short sword!
You die...

>.....## .......##
........# ......(.#
############ ........####
#........<.# ...........#
#..........# ........##.#
#.>........#
........##.###..o.......#
........##..##..@.......#
........###.##.........>#
........# #..#..........#
........# ##.#..........#
........# #.#..........#
.......## #.#.##.#######
.......# #.#.....(.#
######.# #.........#
#####..#####.........#


You could see an orc warrior.

Vanquished Creatures
  A phantom (D:5)
  A hound (D:5)
  A jelly (D:6)
  An iguana (D:3)
  2 orc wizards (D:5)
  A worker ant (D:6)
  A hound skeleton (D:4)
  6 adders
  A howler monkey skeleton (D:4)
  A shadow imp (D:5)
  A white imp (D:5)
  An ufetubus (D:5)
  2 adder skeletons (D:4)
  2 worms
  3 dart slugs
  6 leopard geckos
  12 orcs
  4 giant cockroaches
  7 goblins
  9 hobgoblins
  A jackal (D:5)
  7 kobolds
  4 quokkas
  2 ball pythons
  8 bats
  2 frilled lizards (D:1)
  7 rats
94 creatures vanquished.

Vanquished Creatures (collateral kills)
  An ogre (D:4)
  A howler monkey (D:5)
  An orc priest (D:6)
  A leopard gecko (D:5)
  2 orcs
6 creatures vanquished.

Vanquished Creatures (others)
  A hexer (D:6)
  An adder (D:2)
  10 plants (D:4)
12 creatures vanquished.

Grand Total: 112 creatures vanquished

Notes
Turn   | Place    | Note
-------+----------+-------------------------------------------
     0 | D:1      | marklar909 the Troll Monk began the quest for the Orb.
     0 | D:1      | Reached XP level 1. HP: 22/22 MP: 0/0
   137 | D:1      | Reached XP level 2. HP: 29/29 MP: 1/1
   433 | D:2      | Reached XP level 3. HP: 36/36 MP: 2/2
   585 | D:2      | Found a snail-covered altar of Cheibriados.
   626 | D:2      | Reached XP level 4. HP: 36/44 MP: 3/3
   883 | D:2      | Reached skill level 4 in Unarmed Combat
  1016 | D:2      | Found a shimmering blue altar of Sif Muna.
  1491 | D:3      | Reached XP level 5. HP: 47/52 MP: 4/4
  1884 | D:4      | Found a staircase to the Ecumenical Temple.
  1927 | Temple   | Entered the Ecumenical Temple
  2017 | Temple   | Became a worshipper of Hepliaklqana the Forgotten
  2017 | Temple   | Reached * piety under Hepliaklqana
  2017 | Temple   | Reached ** piety under Hepliaklqana
  2018 | Temple   | Remembered your ancestor Tenoch as a hexer
  2182 | D:4      | Noticed an ogre
  2189 | D:4      | Killed an ogre
  2190 | D:4      | Reached skill level 5 in Unarmed Combat
  2190 | D:4      | Reached XP level 6. HP: 36/54 MP: 5/5
  2717 | D:5      | Entered Level 5 of the Dungeon
  3006 | D:5      | Reached skill level 6 in Unarmed Combat
  3036 | D:5      | Reached XP level 7. HP: 60/60 MP: 6/6
  3108 | D:5      | Found a sacrificial altar of Ru.
  3218 | D:5      | Slain by an orc warrior

Illustrated notes

Levels and vault maps discovered:
D:1:      dpeg_arrival_three_same_balls, layout_rooms, fountainhead
D:2:      cheibrodos_old_hovel, layout_rooms, lemuel_blue_sif_altar,
          cheibriados_altar_1
D:3:      layout_loops_ring, minmay_quadrilaterals
D:4:      layout_loops_ring, minmay_temple_entry_drinking_statues, serial_bayou,
          serial_bayou_crossing, serial_bayou_shore_b, serial_bayou_shore_b,
          serial_bayou_pond_c, serial_bayou_pond_c, serial_bayou_lagoon_a
D:5:      layout_rooms, nicolae_ru_great_annihilating_truth
D:6:      layout_rooms, serial_shops, shop, uniq_prince_ribbit1, uniq_maggie
Temple:   dpeg_three_leaves_temple

Skill      XL: |  1  2  3  4  5  6 |
---------------+-------------------+-----
Dodging        | 3 4 |  4.1
Unarmed Combat | 4 5 6 |  6.4
Fighting       | 3 |  3.4
Stealth        | |  1.6

Action                   |  1- 3 |  4- 6 |  7- 9 || total
-------------------------+-------+-------+-------++-------
Melee: Unarmed           |    87 |   160 |    20 ||   267
       Punch             |       |     5 |       ||     5
Invok: Ancestor Identity |       |     2 |       ||     2
       Ancestor Life: He |       |     1 |       ||     1
 Stab: Sleeping          |       |     6 |       ||     6
       Distracted        |       |     1 |     1 ||     2
       Confused          |       |     1 |       ||     1
       Paralysed         |       |       |     1 ||     1
Armor: Robe              |    41 |    44 |     3 ||    88
Dodge: Dodged            |    60 |    89 |     9 ||   158

Table legend: (Time is in decaauts)
 A = Elapsed time spent in this place.
 B = Non-inter-level travel time spent in this place.
 C = Inter-level travel time spent in this place.
 D = Time resting spent in this place.
 E = Time spent auto-exploring this place.
 F = Levels seen in this place.
 G = Mean time per level.
                   A        B        C        D        E       F      G
               +--------+--------+--------+--------+--------+-----+--------+
         Total |   3238 |   3037 |    201 |      0 |   2446 |   7 |  462.6 |
       Dungeon |   3138 |   2968 |    170 |      0 |   2381 |   6 |  523.0 |
        Temple |     99 |     68 |     31 |      0 |     65 |   1 |   99.0 |
               +--------+--------+--------+--------+--------+-----+--------+

Top non-repeatable levels by time:
     D:4: 915 daAuts
     D:3: 658 daAuts
     D:2: 654 daAuts
     D:5: 443 daAuts
     D:1: 417 daAuts
  Temple: 99 daAuts
     D:6: 49 daAuts
